 Dungeon Crawl Stone Soup version 0.24-a0-434-gd57e52fea8 (webtiles) character file.

Game seed: 7771118156163299004

496 theanonym the Chopper (level 6, -7/70 HPs)
             Began as a Demonspawn Berserker on June 16, 2019.
             Was a Believer of Trog.
             Mangled by an iguana (10 damage)
             ... on level 4 of the Dungeon.
             The game lasted 00:02:11 (2887 turns).

theanonym the Chopper (Demonspawn Berserker)        Turns: 2887, Time: 00:02:11

Health: -7/70      AC:  8    Str: 24    XL:     6   Next: 93%
Magic:  6/6        EV:  9    Int:  8    God:    Trog [**....]
Gold:   81         SH:  0    Dex: 13    Spells: 5/5 levels left

rFire    . . .     SeeInvis .   a - +0 hand axe
rCold    . . .     Gourm    .   (no shield)
rNeg     . . .     Faith    .   l - +0 chain mail
rPois    .         Spirit   .   (helmet restricted)
rElec    .         Reflect  .   (no cloak)
rCorr    .         Harm     .   (no gloves)
MR       .....                  (no boots)
Stlth    ..........             (no amulet)
HPRegen  0.21/turn              (no ring)
MPRegen  0.10/turn              (no ring)

@: berserking, very quick
A: horns 1, powered by death 1, spiny 1, sturdy frame 1
a: Berserk, Trog's Hand, Renounce Religion


Innate Abilities, Weirdness & Mutations

You have a pair of small horns on your head.
You regenerate a little health from kills.
You are partially covered in sharp spines.
Your movements are slightly less encumbered by armour. (ER -2)


   Skills:
 - Level 3.0 Fighting
 + Level 7.2 Axes
 - Level 1.7 Armour
 - Level 1.7 Dodging


You had 5 spell levels left.
You didn't know any spells.
Your spell library was empty.

Skill      XL: |  1  2  3  4  5  6 |
---------------+-------------------+-----
Axes           | 3 5 6 7 |  7.2
Fighting       | |  3.0
Armour         | |  1.7
Dodging        | |  1.7

Action                   |  1- 3 |  4- 6 || total
-------------------------+-------+-------++-------
Melee: Hand axe          |   111 |    27 ||   138
       Headbutt          |    11 |     5 ||    16
Invok: Berserk           |     4 |     2 ||     6
  Eat: Chunk             |     8 |     3 ||    11
Armor: Animal skin       |     5 |       ||     5
       Chain mail        |    32 |    18 ||    50
       Leather armour    |     9 |       ||     9
Dodge: Dodged            |    71 |    12 ||    83

Inventory:

Hand Weapons
 a - a +0 hand axe (weapon)
Armour
 b - a +0 animal skin
 g - a +0 leather armour
 l - a +0 chain mail (worn)
Jewellery
 p - an uncursed ring of magical power {unknown}
Scrolls
 d - a scroll of teleportation {unknown}
 f - a scroll of enchant weapon {unknown}
 i - 2 scrolls of magic mapping {unknown}
 j - a scroll of blinking {unknown}
 m - 3 scrolls of noise {unknown}
 n - 2 scrolls of remove curse {unknown}
 o - a scroll of amnesia {unknown}
 s - a scroll of random uselessness {unknown}
 u - a scroll of identify {unknown}
Potions
 c - a potion of lignification {unknown}
 h - a potion of invisibility {unknown}
 k - a potion of berserk rage {unknown}
 q - 2 potions of heal wounds {unknown}
 r - a potion of curing {unknown}
 v - a potion of haste {unknown}
Comestibles
 e - 6 rations
 t - 2 chunks of flesh


You were on level 4 of the Dungeon.
You worshipped Trog.
Trog was pleased with you.
You were very hungry.

You visited 1 branch of the dungeon, and saw 4 of its levels.

You collected 81 gold pieces.

Dungeon Overview and Level Annotations

Branches:
Dungeon (4/15)
 Temple: D:4-7

Altars:
Ashenzari
Gozag
Sif Muna
The Shining One

Annotations:
D:4 1 transporter

##### ##....###
........###
..........##
....$.YY...##
.:....Y@....###
......lY......#
.<...........##
.............##
..............# ##.
#.............#####
##...
###...............#
...#
###.....###.###.#
..# ###..#...###.#


You could see 4 yaks and an iguana.

Notes
Turn   | Place    | Note
-------+----------+-------------------------------------------
     0 | D:1      | theanonym the Demonspawn Berserker began the quest for the
                  | Orb.
     0 | D:1      | Reached XP level 1. HP: 18/18 MP: 1/1
    80 | D:1      | theanonym: !lg .
    80 | D:1      | meem: 1260. theanonym the Executioner (L18 DsBe of
                  | Makhleb), shot by Vashnia (arrow) on Snake:2 on 2019-06-15
                  | 17:46:52, with 217516 points after 35271 turns and 0:59:39.
    99 | D:1      | HP: 6/18 [goblin/+0 dagger (5)]
   305 | D:1      | Reached skill level 3 in Axes
   327 | D:1      | HP: 5/18 [hobgoblin/+0 club (6)]
   549 | D:1      | Gained mutation: You have a pair of small horns on your
                  | head. [demonic ancestry]
   549 | D:1      | Reached XP level 2. HP: 21/24 MP: 2/2
  1410 | D:2      | Gained mutation: Your movements are slightly less
                  | encumbered by armour. (ER -2) [demonic ancestry]
  1410 | D:2      | Reached XP level 3. HP: 19/29 MP: 3/3
  1573 | D:2      | Reached skill level 4 in Axes
  1575 | D:2      | Reached ** piety under Trog
  1781 | D:2      | Found a deep blue altar of Sif Muna.
  2431 | D:3      | Found an opulent altar of Gozag.
  2556 | D:4      | Found a glowing golden altar of the Shining One.
  2649 | D:4      | Noticed an ogre
  2654 | D:4      | Killed an ogre
  2654 | D:4      | Reached skill level 5 in Axes
  2654 | D:4      | Reached XP level 4. HP: 35/35 MP: 4/4
  2729 | D:4      | Noticed a fire bat
  2730 | D:4      | Found a transporter.
  2731 | D:4      | Noticed a fire bat
  2756 | D:4      | Gained mutation: You regenerate a little health from kills.
                  | [demonic ancestry]
  2756 | D:4      | Reached XP level 5. HP: 40/41 MP: 5/5
  2841 | D:4      | Found a shattered altar of Ashenzari.
  2872 | D:4      | Noticed a yak
  2873 | D:4      | Noticed a yak
  2873 | D:4      | Noticed a yak
  2873 | D:4      | Noticed a yak
  2874 | D:4      | Noticed a yak
  2874 | D:4      | Noticed a yak
  2879 | D:4      | Killed a yak
  2879 | D:4      | Reached skill level 6 in Axes
  2879 | D:4      | Gained mutation: You are partially covered in sharp spines.
                  | [demonic ancestry]
  2879 | D:4      | Reached XP level 6. HP: 47/47 MP: 6/6
  2883 | D:4      | Killed a yak
  2883 | D:4      | Reached skill level 7 in Axes
  2885 | D:4      | HP: 32/70 [yak (6)]
  2887 | D:4      | HP: 10/70 [yak (10)]
  2887 | D:4      | HP: 3/70 [yak (7)]
  2887 | D:4      | Mangled by an iguana

Vanquished Creatures
  2 yaks (D:4)
  An ogre (D:4)
  A howler monkey (D:4)
  A hound (D:4)
  2 adders
  An ooze (D:2)
  4 leopard geckos
  2 giant cockroaches
  6 hobgoblins
  4 jackals (D:1)
  A ball python (D:1)
  6 bats
  A frilled lizard (D:2)
  4 goblins
  3 kobolds (D:1)
  A leopard gecko skeleton (D:4)
  5 rats
45 creatures vanquished.

Table legend:
 A = Turns spent in this place as a percentage of turns spent in the entire game.
 B = Non-inter-level travel turns spent in this place as a percentage of non-inter-level travel turns spent in the entire game.
 C = Inter-level travel turns spent in this place as a percentage of turns spent in this place.
 D = Turns resting spent in this place as a percentage of non-inter-level travel turns spent in this place.
 E = Turns spent auto-exploring this place as a percentage of non-inter-level travel turns spent in this place.
 F = Non-inter-level travel turns spent in this place divided by the number of levels of this place that you've seen.
                   A       B       C       D       E      F
               +-------+-------+-------+-------+-------+----------------------
         Total | 100.0 | 100.0 |   5.3 |  28.6 |  61.2 | 683.5
       Dungeon | 100.0 | 100.0 |   5.3 |  28.6 |  61.2 | 683.5
               +-------+-------+-------+-------+-------+----------------------
